 Dungeon Crawl Stone Soup version 0.27.0-1-g7a089689b8 (webtiles) character file.

Game seed: 12243190381301566206

42 Descartes the Ducker (level 3, -6/25 HPs)
             Began as a Djinni Fire Elementalist on Aug 15, 2021.
             Mangled by an orc (8 damage)
             ... on level 2 of the Dungeon.
             The game lasted 00:04:40 (2173 turns).

Descartes the Ducker (Djinni Fire Elementalist)     Turns: 2173, Time: 00:04:41

Health: -6/25      AC:  2    Str:  8    XL:     3   Next: 80%
Gold:   31         EV: 12    Int: 16    God:
                   SH:  0    Dex: 13

rFire    + + .     SeeInvis .   j - +0 falchion
rCold    x . .     Faith    .   (no shield)
rNeg     . . .     Spirit   .   f - +0 robe
rPois    ∞         Reflect  .   (no helmet)
rElec    .         Harm     .   (no cloak)
rCorr    .         Rampage  .   (no gloves)
Will     .....                  (boots unavailable)
Stlth    ++........             (no amulet)
HPRegen  0.08/turn              (no ring)
MPRegen  0.00/turn              (no ring)

@: flying
A: sickness immunity, fire resistance 2, cold vulnerability 1, float, innate
caster, hp casting, extra vitality 1
a: no special abilities


You were on level 2 of the Dungeon.
You visited 1 branch of the dungeon, and saw 2 of its levels.

You collected 31 gold pieces.

Inventory:

Hand Weapons
 a - a +0 short sword
 b - a +0 hunting sling
 j - a +0 falchion (weapon)
Missiles
 c - 20 stones (quivered)
 g - 21 sling bullets
Armour
 f - a +0 robe (worn)
 k - a +0 leather armour
Scrolls
 d - a scroll of enchant armour {unknown}
 h - a scroll of identify {unknown}
 i - a scroll of brand weapon {unknown}
Potions
 e - a potion of lignification {unknown}


   Skills:
 + Level 0.3 Fighting
 + Level 2.9 Dodging
 + Level 2.2 Stealth
 + Level 2.8 Spellcasting


You couldn't memorise any spells.
You knew the following spells:

 Your Spells              Type           Power      Damage    Failure   Level
a - Foxfire               Conj/Fire      44%        2x1d6     6%          1
b - Conjure Flame         Conj/Fire      11%        6-21      19%         3
c - Inner Flame           Hex/Fire       11%        N/A       19%         3
d - Sticky Flame          Conj/Fire      11%        2d3       52%         4
e - Fireball              Conj/Fire      5%         3d5       86%         5
f - Summon Small Mammal   Summ           44%        N/A       6%          1
Your spell library was empty.

Dungeon Overview and Level Annotations

Branches:
Dungeon (2/15)

Altars:

Shops:
D:2 [


Innate Abilities, Weirdness & Mutations

You are immune to sickness and miasma.
You are immune to poison.
Your flesh is very heat resistant. (rF++)
You are vulnerable to cold. (rC-)
You float through the air rather than walking.
You learn spells naturally, not from books.
Your magical power is your life essence.
You have superior vitality. (+4 HP)


Message History

The endoplasm is lightly wounded.
The foxfire hits the endoplasm.
The endoplasm is almost dead.
Casting: Foxfire (safe; 6% risk of failure)
Confirm with . or Enter, or press ? or * to list all spells.
You conjure some foxfire!
The foxfire hits the endoplasm.
You kill the endoplasm!
Your foxfire dissipates!
Found a leather armour.
An orc comes into view. It is wielding a +0 trident.
You see here a +0 leather armour.
k - a +0 leather armour
Casting: Foxfire (safe; 6% risk of failure)
Confirm with . or Enter, or press ? or * to list all spells.
You conjure some foxfire!
Casting: Foxfire (safe; 6% risk of failure)
Confirm with . or Enter, or press ? or * to list all spells.
You conjure some foxfire!
Your foxfire dissipates!
The foxfire hits the orc but does no damage.
The orc hits you with a +0 trident.
The orc hits you from afar with a +0 trident!
Casting: Foxfire (safe; 6% risk of failure)
Confirm with . or Enter, or press ? or * to list all spells.
You conjure some foxfire!
The orc misses you.
Casting: Foxfire (safe; 6% risk of failure)
Confirm with . or Enter, or press ? or * to list all spells.
You conjure some foxfire!
The foxfire hits the orc but does no damage.
The foxfire hits the orc.
The orc is heavily wounded.
The orc hits you from afar with a +0 trident!
* * * LOW HITPOINT WARNING * * *
Your foxfire dissipates!
The foxfire hits the orc.
The orc is severely wounded.
You reach down and open the door.
The orc hits you from afar with a +0 trident!
You die...

#.. #.#..#. #.#..#.#
#.#..#.# ##.#..#.#
##.#..#.# ##.#..#v#
##.#..#.# #.@.o..###
#'#.#..#.###
#########.###.#..#.###
#.......#.
###.#..#.###
##.########
###.#..#.#+##
#...###### ###.#..#.#.
#.#......# ###.#....
#...###### ###..#.
##.## ### ##########
####.


You could see an orc.

Vanquished Creatures
  A gnoll (D:1)
  A dart slug (D:1)
  A bat (D:1)
  4 endoplasms
  A giant cockroach (D:1)
  2 goblins
  2 hobgoblins (D:1)
  4 kobolds (D:1)
  2 quokkas
  5 frilled lizards
  6 rats (D:1)
29 creatures vanquished.

Vanquished Creatures (others)
  128 foxfires
128 creatures vanquished.

Grand Total: 157 creatures vanquished

Notes
Turn   | Place    | Note
-------+----------+-------------------------------------------
     0 | D:1      | Descartes the Djinni Fire Elementalist began the quest for
                  | the Orb.
     0 | D:1      | Reached XP level 1. HP: 15/15 MP: 0/0
   313 | D:1      | Reached XP level 2. HP: 19/21 MP: 0/0
  1304 | D:1      | Reached XP level 3. HP: 18/25 MP: 0/0
  1304 | D:1      | Learned a level 1 spell: Summon Small Mammal
  1824 | D:2      | Found Yqeniv's Antique Armour Emporium.
  2170 | D:2      | HP: 1/25 [orc (9)]
  2173 | D:2      | Mangled by an orc

Illustrated notes

Levels and vault maps discovered:
D:1:      shiori_arrival_oz, layout_basic
D:2:      minmay_razor_zed, layout_loops_corners, basic_altar, serial_shops,
          shop

Skill      XL: |  1  2 |
---------------+-------+-----
Stealth        | 2 |  2.2
Fighting       | |  0.3
Dodging        | |  2.9
Spellcasting   | |  2.8

Action                   || total
-------------------------++-------
 Fire: Hunting sling     ||     5
 Cast: Foxfire           ||    75
Armor: Robe              ||     2
Dodge: Dodged            ||    10
